 Dungeon Crawl Stone Soup version 0.31-a0-145-g046c7d2549 (webtiles) character file.

Game seed: 14831922616907724276

165 2FriedEggs the Slasher (level 5, -8/54 HPs)
             Began as an Octopode Berserker on June 6, 2023.
             Was a Believer of Trog.
             Mangled by an orc
             ... wielding a +2 trident of venom
              (10 damage)
             ... on level 3 of the Dungeon.
             The game lasted 00:03:09 (2252 turns).

2FriedEggs the Slasher (Octopode Berserker)         Turns: 2252, Time: 00:03:11

Health: -8/54      AC:  1    Str: 16    XL:     5   Next: 46%
Magic:  5/5        EV: 14    Int:  9    God:    Trog [**....]
Gold:   84         SH:  0    Dex: 14    Spells: 4/4 levels left

rFire   . . .        a - +1 falchion
rCold   . . .        (no shield)
rNeg    . . .        (helmet restricted)
rPois   .            (no amulet)
rElec   .            (no ring)
rCorr   .            (no ring)
SInv    .            (no ring)
Will    .....        (no ring) Stlth
                     (no ring)
HPRegen 0.29/turn    (no ring)
MPRegen 0.09/turn    (no ring)
                     (no ring)

%: no passive effects
@: berserking, very quick
A: almost no armour, amphibious, 8 rings, camouflage 1, gelatinous body 1,
(nimble swimmer 1), tentacles
a: Renounce Religion, Berserk, Trog's Hand


You were on level 3 of the Dungeon.
You worshipped Trog.
Trog was pleased with you.
You visited 1 branch of the dungeon, and saw 3 of its levels.

You collected 84 gold pieces.

Inventory:

Hand Weapons
 a - a +1 falchion (weapon)
Missiles
 b - 3 javelins (quivered)
 c - 4 curare-tipped darts
Wands
 f - a wand of charming (4)
Scrolls
 d - a scroll of teleportation
 e - 3 scrolls of enchant weapon
 g - a scroll of identify
Potions
 i - a potion of curing {unknown}


   Skills:
 - Level 3.0 Fighting
 * Level 5.1 Long Blades
 + Level 4.2 Dodging


You had 4 spell levels left.
You didn't know any spells.
Your spell library was empty.

Dungeon Overview and Level Annotations

Branches:
Dungeon (3/15)

Altars:


Innate Abilities, Weirdness & Mutations

You cannot wear most types of armour.
You are amphibious.
You can wear up to eight rings at the same time.
Your skin changes colour to match your surroundings (Stealth+).
Your rubbery body absorbs attacks. (AC +1, EV +1)
((You are camouflaged when in or above water. (Stealth+)))
You have tentacles for arms and can constrict up to eight enemies at once.


Message History

You feel very sick. The orc closely misses you. x3
You feel sick. The orc hits you with a +0 club.
The orc attacks as you move away! The orc misses you.
You feel sick.
You feel sick. The orc attacks as you move away! The orc barely misses you.
The orc attacks as you move away! The orc hits you with a +0 dagger.
You feel sick.
Things that are here:
a +0 dagger; a goblin corpse The orc attacks as you move away!
The orc hits you with a +0 dagger.
You feel sick.
You feel sick.
You feel sick.
You hit the orc. You grab the orc.
The orc is heavily wounded.
You constrict the orc.
You kill the orc!
Trog accepts your kill.
You feel sick.
You feel sick.
You are no longer poisoned.
The orc attacks as you move away! The orc hits you with a +0 dagger.
* * * LOW HITPOINT WARNING * * *
You barely miss the orc. You grab the orc. You constrict the orc.
The orc struggles to escape constriction.
You release your grip on the orc.
Okay, then.
Okay, then.
A red film seems to cover your vision as you go berserk!
You feel yourself moving faster!
You feel mighty! The orc hits you with a +0 dagger.
* * * LOW HITPOINT WARNING * * *
You hit the orc. You grab the orc.
The orc is almost dead.
You constrict the orc, but do no damage.
The orc hits you with a +0 dagger.
* * * LOW HITPOINT WARNING * * *
The orc hits you from afar with a +2 trident of venom!
You die...

##### # ############
#...#.#
.....).....####.#.#.#
.....(....).).oo@..>#
............#####.#.#
............#.....#.#
###########.#.###.# #
..#.# ### ###.# ..#
#.# .# ..# #.# #.#
..# #.###.#.#


You could see 2 orcs.

Vanquished Creatures
  An orc priest (D:2)
  A sleepcap (D:2)
  3 adders
  A worm (D:2)
  3 dart slugs
  6 orcs
  6 ball pythons
  5 endoplasms
  2 giant cockroaches (D:1)
  8 goblins
  4 hobgoblins
  9 kobolds
  3 quokkas
  8 bats
  4 frilled lizards
  3 rats
67 creatures vanquished.

Notes
Turn   | Place    | Note
-------+----------+-------------------------------------------
     0 | D:1      | 2FriedEggs the Octopode Berserker began the quest for the
                  | Orb.
     0 | D:1      | Reached XP level 1. HP: 16/16 MP: 1/1
   167 | D:1      | Reached XP level 2. HP: 21/21 MP: 2/2
   445 | D:1      | Reached XP level 3. HP: 26/26 MP: 3/3
   518 | D:1      | Reached ** piety under Trog
   762 | D:2      | Reached skill level 4 in Long Blades
  1036 | D:2      | Reached XP level 4. HP: 31/31 MP: 4/4
  1659 | D:2      | Reached XP level 5. HP: 21/36 MP: 5/5
  2099 | D:3      | Reached skill level 5 in Long Blades
  2252 | D:3      | HP: 2/54 [orc/+0 dagger (3)]
  2252 | D:3      | Mangled by an orc

Illustrated notes

Levels and vault maps discovered:
D:1:      lightli_iron_boxes, layout_loops_ring
D:2:      layout_loops_corners
D:3:      layout_basic, portal_sewer_entry_e, hangedman_decor_push

Skill      XL: |  1  2  3  4  5 |
---------------+----------------+-----
Long Blades    | 4 5 |  5.1
Dodging        | 4 |  4.2
Fighting       | |  3.0

Action                     |  1- 3 |  4- 6 || total
---------------------------+-------+-------++-------
  Melee: Falchion          |    78 |    53 ||   131
         Constrict         |    18 |    20 ||    38
         Tentacles         |    19 |     7 ||    26
 Invoke: Berserk           |       |     1 ||     1
    Use: Potion            |       |     5 ||     5
         Scroll            |       |     4 ||     4
   Stab: Sleeping          |     8 |     2 ||    10
 Armour: Skin              |     8 |     2 ||    10
  Dodge: Dodged            |    40 |    52 ||    92

Table legend: (Time is in decaauts)
 A = Elapsed time spent in this place.
 B = Non-inter-level travel time spent in this place.
 C = Inter-level travel time spent in this place.
 D = Time resting spent in this place.
 E = Time spent auto-exploring this place.
 F = Levels seen in this place.
 G = Mean time per level.
                   A        B        C        D        E       F      G
               +--------+--------+--------+--------+--------+-----+--------+
         Total |   2264 |   2173 |     91 |      0 |   1672 |   3 |  754.7 |
       Dungeon |   2264 |   2173 |     91 |      0 |   1672 |   3 |  754.7 |
               +--------+--------+--------+--------+--------+-----+--------+

Top non-repeatable levels by time:
     D:2: 1273 daAuts
     D:1: 764 daAuts
     D:3: 226 daAuts
